 Dungeon Crawl Stone Soup version 0.28-a0-1038-g9c4cb82 (webtiles) character file.

Game seed: 15155912118642412745

1516 GeorgeSoros the Jinx (level 8, -3/36 HPs)
             Began as a Spriggan Enchanter on Dec 7, 2021.
             Was an Initiate of Dithmenos.
             Slain by a water moccasin (8 damage)
             ... on level 5 of the Dungeon on Dec 8, 2021.
             The game lasted 00:28:06 (8324 turns).

GeorgeSoros the Jinx (Spriggan Enchanter)           Turns: 8324, Time: 00:28:07

Health: -3/36      AC:  2    Str:  6    XL:     8   Next: 54%
Magic:  11/13      EV: 21    Int: 16    God:    Dithmenos [......]
Gold:   317        SH:  0    Dex: 16    Spells: 4/12 levels left

rFire   . . .      SeeInvis +   a - +3 rapier (speed)
rCold   . . .      Faith    .   (shield restricted)
rNeg    . . .      Spirit   .   b - +0 robe
rPois   .          Reflect  .   (helmet restricted)
rElec   .          Harm     .   (no cloak)
rCorr   .          Rampage  .   (gloves unavailable)
Will    +....                   (boots unavailable)
Stlth   +++.......              (no amulet)
HPRegen 0.12/turn               (no ring)
MPRegen 0.13/turn               (no ring)

@: lethally poisoned (-3 -> -6), very quick
A: very small, no large weapons, unfitting armour, see invisible, speed 3
a: Renounce Religion


You were on level 5 of the Dungeon.
You worshipped Dithmenos.
Dithmenos was noncommittal.
You visited 2 branches of the dungeon, and saw 8 of its levels.

You collected 317 gold pieces.

Inventory:

Hand Weapons
 a - a +3 rapier of speed (weapon)
 l - a +1 dagger
 p - a +0 falchion of holy wrath
Armour
 b - a +0 robe (worn)
Wands
 g - a wand of paralysis (9)
 u - a wand of digging (5)
 v - a wand of flame (12)
 w - a wand of acid (5)
Scrolls
 d - a scroll of silence
 j - 2 scrolls of fog
 q - a scroll of torment {unknown}
 r - a scroll of fear {unknown}
 t - a scroll of identify
Potions
 c - a potion of invisibility
 e - 5 potions of curing
 f - 3 potions of flight
 h - 2 potions of might {unknown}
 i - a potion of resistance {unknown}
 k - 2 potions of lignification {unknown}
 m - a potion of degeneration {unknown}
 n - 2 potions of haste {unknown}
 o - a potion of heal wounds {unknown}
 s - a potion of mutation {unknown}


   Skills:
 + Level 4.0 Short Blades
 + Level 7.1 Dodging
 + Level 6.3 Stealth
 - Level 2.6 Spellcasting
 * Level 9.9 Hexes
 + Level 2.1 Ice Magic


You had 4 spell levels left.
You knew the following spells:

 Your Spells              Type           Power      Damage    Failure   Level
a - Ensorcelled Hibernat  Hex/Ice        42%        N/A       2%          2
b - Tukima's Dance        Hex            33%        N/A       1%          3
c - Confusing Touch       Hex            33%        N/A       1%          3

Your spell library contained the following spells:

 Spells                   Type           Power      Damage    Failure   Level
 Dazzling Flash           Conj/Hex       36%        N/A       8%          3
 Inner Flame              Hex/Fire       18%        N/A       8%          3
 Foxfire                  Conj/Fire      8%         2x1d4     19%         1
 Sting                    Tmut/Pois      8%         1d3       19%         1
 Poisonous Vapours        Pois/Air       4%         N/A       28%         2
 Conjure Flame            Conj/Fire      2%         6-21      50%         3
 Spider Form              Tmut/Pois      2%         N/A       50%         3
 Flame Wave               Conj/Fire      2%         2d4       88%         4
 Olgreb's Toxic Radiance  Pois           2%         N/A       88%         4
 Malign Gateway           Summ/Tloc      1%         N/A       100%        7
 Summon Horrible Things   Summ           1%         N/A       100%        8


Dungeon Overview and Level Annotations

Branches:
Dungeon (7/15)             Temple (1/1) D:6

Altars:
Dithmenos
Fedhas
Gozag
Kikubaaqudgha
Makhleb
Nemelex Xobeh
Okawaru
Qazlal
Ru
Trog
Uskayaw
Vehumet
Wu Jian
Xom
Zin
The Shining One

Shops:
D:4 :

Annotations:
D:7 Maggie


Innate Abilities, Weirdness & Mutations

You are very small and have problems with some larger weapons.
You are too small for most types of armour.
You have supernaturally acute eyesight. (SInv)
You cover ground extremely quickly. (Speed+++)


Message History

The water moccasin is heavily wounded.
The water moccasin bites you.
You hit the water moccasin.
The water moccasin is heavily wounded.
The water moccasin completely misses you.
You hit the water moccasin.
The water moccasin is severely wounded.
The water moccasin bites you.
You miss the water moccasin.
The water moccasin is severely wounded.
The water moccasin misses you.
You hit the water moccasin.
The water moccasin is severely wounded.
The water moccasin closely misses you.
You miss the water moccasin.
The water moccasin is severely wounded.
You hit the water moccasin.
The water moccasin is severely wounded.
The water moccasin bites you.
You hit the water moccasin.
The water moccasin is almost dead.
The water moccasin bites you!
You are poisoned.
The water moccasin poisons you!
You are too injured to fight recklessly!
You feel sick.
You feel sick.
You see here a +0 ring mail.
You feel sick.
You feel sick.
You feel sick.
You feel sick.
Casting: Ensorcelled Hibernation (safe; 2% risk of failure)
Confirm with . or Enter, or press ? or * to list all spells.
Aiming: Ensorcelled Hibernation (safe; 2% risk of failure)
Press: ? - help, Shift-Dir - straight line, f - water moccasin
Aim: a water moccasin (almost dead, chance to affect: 50%)
The water moccasin resists with some effort.
You feel sick. The water moccasin bites you!
You die...

#....#.###
#######.####.###
................
#.##########.........
#....# #......##.
#.##.#######......##.
#.........##......##.
#>?..................
#..@.....###.....###
#..S.....# #.....#
#........# #.....#
#.?.!....# #######
#........# ###[######
#.# #.# #.#


You could see a water moccasin.

Vanquished Creatures
  Grinder (D:4)
  Menkaure (D:4)
  A black bear (D:3)
  2 necrophages (D:5)
  2 ogres
  A bullfrog (D:7)
  2 wyvern zombies (D:6)
  A centaur zombie (D:7)
  2 hounds
  2 orc priests (D:7)
  Ijyb (D:3)
  Terence (D:2)
  Natasha (thrice) (D:4)
  An orc wizard (D:5)
  A hound skeleton (D:4)
  Robin (D:2)
  A howler monkey zombie (D:5)
  4 adders
  A white imp (D:5)
  An adder skeleton (D:4)
  2 worms
  A dart slug (D:2)
  15 orcs
  7 bats
  6 endoplasms
  5 giant cockroaches
  8 hobgoblins
  8 jackals
  8 kobolds
  2 quokkas
  3 ball pythons
  3 frilled lizards
  11 goblins
  3 rats
112 creatures vanquished.

Vanquished Creatures (collateral kills)
  An ogre (D:5)
  2 orcs (D:5)
3 creatures vanquished.

Grand Total: 115 creatures vanquished

Notes
Turn   | Place    | Note
-------+----------+-------------------------------------------
     0 | D:1      | GeorgeSoros the Spriggan Enchanter began the quest for the
                  | Orb.
     0 | D:1      | Reached XP level 1. HP: 9/9 MP: 5/5
   162 | D:1      | Reached skill level 4 in Hexes
   591 | D:1      | Reached XP level 2. HP: 13/13 MP: 6/6
   639 | D:1      | Learned a level 2 spell: Ensorcelled Hibernation
  1943 | D:2      | Reached XP level 3. HP: 16/16 MP: 8/8
  2005 | D:2      | Found a faded altar of an unknown god.
  2055 | D:2      | Reached skill level 5 in Hexes
  2075 | D:2      | Learned a level 3 spell: Tukima's Dance
  2858 | D:2      | Noticed Robin
  2929 | D:2      | Killed Robin
  2930 | D:2      | Reached XP level 4. HP: 21/21 MP: 2/9
  3137 | D:2      | Noticed Terence
  3170 | D:2      | Killed Terence
  3171 | D:2      | Reached skill level 6 in Hexes
  4020 | D:3      | Found a sacrificial altar of Ru.
  4077 | D:3      | Noticed Ijyb
  4082 | D:3      | Killed Ijyb
  4083 | D:3      | Reached XP level 5. HP: 24/24 MP: 2/10
  4152 | D:3      | Identified a scroll of acquirement
  4152 | D:3      | Acquired a +3 rapier of speed
  4694 | D:4      | Noticed a black bear
  4769 | D:3      | Killed a black bear
  4770 | D:3      | Reached XP level 6. HP: 21/28 MP: 0/11
  5000 | D:4      | Noticed Natasha
  5007 | D:4      | Killed Natasha
  5008 | D:4      | Reached skill level 7 in Hexes
  5031 | D:4      | Noticed Grinder
  5077 | D:4      | Killed Grinder
  5078 | D:4      | Reached skill level 5 in Dodging
  5108 | D:4      | Reached XP level 7. HP: 25/32 MP: 3/12
  5241 | D:4      | Noticed Natasha
  5255 | D:4      | Killed Natasha
  5262 | D:4      | Noticed Natasha
  5272 | D:4      | Killed Natasha
  5273 | D:4      | Reached skill level 8 in Hexes
  5642 | D:4      | Found Pemakot's Book Boutique.
  5909 | D:4      | Noticed Menkaure
  5947 | D:4      | Killed Menkaure
  5948 | D:4      | Reached skill level 1 in Ice Magic
  6236 | D:5      | Entered Level 5 of the Dungeon
  6514 | D:5      | You fall into a shaft and drop 1 floor!
  6515 | D:6      | Found a staircase to the Ecumenical Temple.
  6520 | Temple   | Entered the Ecumenical Temple
  6569 | Temple   | Became a worshipper of Dithmenos the Shadowed
  6601 | D:6      | Reached skill level 5 in Stealth
  6854 | Temple   | Learned a level 3 spell: Confusing Touch
  6871 | D:6      | Found a glowing golden altar of the Shining One.
  6908 | D:6      | Reached skill level 9 in Hexes
  7036 | D:6      | Reached XP level 8. HP: 15/36 MP: 10/13
  7354 | D:7      | Noticed Maggie
  8324 | D:5      | Slain by a water moccasin

Illustrated notes

Levels and vault maps discovered:
D:1:      matt_arrival_grand_opening, layout_rooms
D:2:      layout_loops_corners, chequers_ecumenical_altar_simple_redux,
          uniq_robin, uniq_terence
D:3:      layout_rooms, nicolae_ru_awakened_eye, uniq_ijyb
D:4:      layout_basic, serial_shops, nicolae_shop_competitors_out_of_business,
          uniq_natasha, uniq_menkaure, uniq_grinder
D:5:      layout_basic, yredelemnul_altar_generic
D:6:      layout_gridville, chequers_temple_overflow_statue_of_worship,
          nicolae_overflow_crystal_walls, minmay_temple_entry_grid
D:7:      layout_basic, uniq_maggie
Temple:   zaba_magenta_temple

Skill      XL: |  1  2  3  4  5  6  7  8 |
---------------+-------------------------+-----
Hexes          | 4 5 6 7 9 |  9.9
Dodging        | 3 4 5 6 7 |  7.1
Short Blades   | 2 3 4 |  4.0
Ice Magic      | 1 2 |  2.1
Stealth        | 5 6 |  6.3
Spellcasting   | |  2.6

Action                   |  1- 3 |  4- 6 |  7- 9 || total
-------------------------+-------+-------+-------++-------
Melee: Dagger            |   253 |    44 |     6 ||   303
       Rapier            |       |    40 |   139 ||   179
       Unarmed           |       |       |    10 ||    10
       Falchion          |       |       |     6 ||     6
 Cast: Ensorcelled Hiber |    16 |    32 |    20 ||    68
       Confusing Touch   |       |       |     4 ||     4
       Tukima's Dance    |       |       |     5 ||     5
Evoke: Wand              |       |     1 |     1 ||     2
  Use: Scroll            |     3 |     5 |     1 ||     9
 Stab: Sleeping          |    10 |    18 |    10 ||    38
       Paralysed         |       |     2 |     2 ||     4
       Confused          |       |       |     5 ||     5
Armor: Robe              |    30 |     8 |     8 ||    46
Dodge: Dodged            |   197 |    51 |    87 ||   335

Table legend: (Time is in decaauts)
 A = Elapsed time spent in this place.
 B = Non-inter-level travel time spent in this place.
 C = Inter-level travel time spent in this place.
 D = Time resting spent in this place.
 E = Time spent auto-exploring this place.
 F = Levels seen in this place.
 G = Mean time per level.
                   A        B        C        D        E       F      G
               +--------+--------+--------+--------+--------+-----+--------+
         Total |   6722 |   6507 |    215 |    504 |   4558 |   8 |  840.2 |
       Dungeon |   6434 |   6226 |    208 |    261 |   4534 |   7 |  919.1 |
        Temple |    288 |    281 |      7 |    243 |     24 |   1 |  288.0 |
               +--------+--------+--------+--------+--------+-----+--------+

Top non-repeatable levels by time:
     D:1: 1702 daAuts
     D:2: 1648 daAuts
     D:4: 1076 daAuts
     D:3: 640 daAuts
     D:5: 625 daAuts
     D:6: 396 daAuts
     D:7: 345 daAuts
  Temple: 288 daAuts
